 Dungeon Crawl Stone Soup version 0.26.1-2-gb8aa6d0cf2 (webtiles) character file.

Game seed: 5118031240182414965

317 Goaboa the Ducker (level 6, 0/51 HPs)
             Began as a Merfolk Monk on Feb 19, 2021.
             Was a Follower of Uskayaw.
             Slain by an orc warrior
             ... wielding a +0 long sword
              (18 damage)
             ... on level 6 of the Dungeon.
             The game lasted 00:10:50 (3108 turns).

Goaboa the Ducker (Merfolk Monk)                    Turns: 3108, Time: 00:10:50

Health: 0/51       AC:  8    Str: 11    XL:     6   Next: 44%
Magic:  6/6        EV: 16    Int:  9    God:    Uskayaw [*.....]
Gold:   157        SH:  0    Dex: 19    Spells: 5/5 levels left

rFire    . . .     SeeInvis .   b - +2 spear (venom)
rCold    . . .     Faith    .   (no shield)
rNeg     . . .     Spirit   .   d - +0 leather armour
rPois    .         Reflect  .   k - +0 helmet
rElec    .         Harm     .   (no cloak)
rCorr    .         Rampage  .   (no gloves)
Will     .....                  (no boots)
Stlth    ++........             (no amulet)
HPRegen  0.17/turn              e - +4 ring of protection
MPRegen  0.10/turn              (no ring)

@: attractive
A: change form in water, swift swim, stealthy swim
a: Renounce Religion, Stomp


You were on level 6 of the Dungeon.
You worshipped Uskayaw.
Uskayaw was noncommittal.
You visited 1 branch of the dungeon, and saw 4 of its levels.

You collected 157 gold pieces.

Inventory:

Hand Weapons
 a - a +0 falchion
 b - a +2 spear of venom (weapon)
Armour
 d - a +0 leather armour (worn)
 k - a +0 helmet (worn)
Jewellery
 e - a +4 ring of protection (left hand)
Wands
 n - a wand of flame (14)
Scrolls
 c - 4 scrolls of teleportation {unknown}
 f - a scroll of amnesia {unknown}
 h - 3 scrolls of enchant weapon {unknown}
 l - 2 scrolls of magic mapping {unknown}
 m - 2 scrolls of random uselessness {unknown}
 p - 2 scrolls of remove curse
Potions
 i - 3 potions of curing
 j - 2 potions of brilliance


   Skills:
 + Level 5.1 Fighting
 + Level 5.0 Long Blades
 - Level 2.0 Polearms
 + Level 6.1 Dodging
 - Level 2.1 Stealth


You had 5 spell levels left.
You didn't know any spells.
Your spell library contained the following spells:

 Spells                   Type           Power        Failure   Level
 Animate Skeleton         Necr           0%           47%         1
 Apportation              Tloc           0%           47%         1
 Corona                   Hex            0%           47%         1
 Summon Small Mammal      Summ           0%           47%         1


Dungeon Overview and Level Annotations

Branches:
Dungeon (3/15)

Altars:
Dithmenos
Qazlal
Uskayaw


Message History

The orc warrior throws a boomerang.
The boomerang barely misses you.
The weapon returns to the orc warrior!
The orc warrior throws a boomerang.
The boomerang barely misses you.
The weapon returns to the orc warrior!
The orc warrior throws a boomerang.
The boomerang hits you!
* * * LOW HITPOINT WARNING * * *
The weapon returns to the orc warrior!
The orc warrior throws a boomerang.
The boomerang closely misses you.
The weapon returns to the orc warrior!
It was a potion of magic.
Magic courses through your body.
It was a potion of attraction.
You feel attractive to monsters. The orc warrior is pulled toward you!
You hit the orc warrior.
The orc warrior is poisoned.
The orc warrior is severely wounded.
The orc warrior closely misses you.
The orc warrior throws a boomerang.
The boomerang closely misses you.
The weapon returns to the orc warrior!
The orc warrior is pulled toward you!
The orc warrior hits you with a +0 long sword!!
You die...

#...o #)###
###.# #
####...# #
#######.o..###
# #.......####
# ##.####### #
#####o.# #
#...@.## #
#..##### #.. #


You could see an orc warrior (very poisoned).

Vanquished Creatures
  A bullfrog (D:6)
  Jessica (D:2)
  A worker ant (D:6)
  Ijyb (D:3)
  A hound zombie (D:6)
  3 gnolls (D:3)
  4 adders
  An ooze (D:3)
  2 worms
  2 dart slugs
  3 leopard geckos
  5 orcs
  2 giant cockroaches
  10 goblins
  12 hobgoblins
  4 jackals (D:1)
  8 kobolds
  3 quokkas (D:2)
  5 bats
  5 frilled lizards
  6 rats
80 creatures vanquished.

Notes
Turn   | Place    | Note
-------+----------+-------------------------------------------
     0 | D:1      | Goaboa the Merfolk Monk began the quest for the Orb.
     0 | D:1      | Reached XP level 1. HP: 18/18 MP: 1/1
   273 | D:1      | Reached XP level 2. HP: 19/24 MP: 2/2
   758 | D:1      | Reached XP level 3. HP: 30/30 MP: 3/3
  1316 | D:2      | Reached skill level 1 in Polearms
  1716 | D:2      | Reached XP level 4. HP: 37/37 MP: 4/4
  1743 | D:2      | Noticed Jessica
  1778 | D:2      | Killed Jessica
  1779 | D:2      | Reached skill level 5 in Dodging
  2219 | D:3      | Noticed Ijyb
  2233 | D:3      | Killed Ijyb
  2234 | D:3      | Reached XP level 5. HP: 32/43 MP: 5/5
  2738 | D:3      | Found a shadowy altar of Dithmenos.
  2957 | D:3      | Found a stormy altar of Qazlal.
  2972 | D:3      | Found a hide-covered altar of Uskayaw.
  3014 | D:3      | Became a worshipper of Uskayaw the Reveller
  3014 | D:3      | Reached * piety under Uskayaw
  3027 | D:3      | You fall into a shaft and drop 3 floors!
  3041 | D:6      | Reached ** piety under Uskayaw
  3042 | D:6      | Reached skill level 5 in Fighting
  3042 | D:6      | Reached XP level 6. HP: 45/51 MP: 6/6
  3051 | D:6      | Reached *** piety under Uskayaw
  3052 | D:6      | Reached skill level 6 in Dodging
  3057 | D:6      | Noticed an orc warrior
  3073 | D:6      | Reached skill level 5 in Long Blades
  3108 | D:6      | Slain by an orc warrior

Illustrated notes

Levels and vault maps discovered:
D:1:      dpeg_arrival_long_road, layout_basic, serial_forest,
          infiniplex_forest_zigzag_1, infiniplex_forest_lined_3,
          infiniplex_forest_straight_2, infiniplex_forest_lined_ring,
          infiniplex_forest_straight_2, infiniplex_forest_corner_1,
          infiniplex_forest_lined_ring
D:2:      minmay_skewed_foursquare, layout_loops_corners, uniq_jessica
D:3:      layout_loops_corners, grunt_temple_overflow_open, skrybe_limestone_x,
          trog_hazing_becter, uniq_ijyb
D:6:      layout_rooms, serial_shops, nicolae_shop_competitors_out_of_business,
          dk_rats_in_the_wall, uniq_sigmund

Skill      XL: |  1  2  3  4  5  6 |
---------------+-------------------+-----
Polearms       | 1 2 |  2.0
Fighting       | 4 5 |  5.1
Long Blades    | 4 5 |  5.0
Dodging        | 5 6 |  6.1
Stealth        | |  2.1

Action                   |  1- 3 |  4- 6 || total
-------------------------+-------+-------++-------
Melee: Falchion          |    47 |       ||    47
       Spear             |    82 |   136 ||   218
  Use: Scroll            |     3 |     1 ||     4
       Potion            |       |     2 ||     2
 Stab: Sleeping          |     5 |     5 ||    10
Armor: Robe              |     2 |       ||     2
       Leather armour    |    25 |    25 ||    50
Dodge: Dodged            |    78 |    88 ||   166
       Rpst.: Falchion   |     7 |       ||     7
